 Dungeon Crawl Stone Soup version 0.30.0-10-gfe55d96785 (webtiles) character file.

Game seed: 4426838027358377107

389 Byczy the Firebug (level 6, -1/32 HPs)
             Began as a Deep Elf Fire Elementalist on May 15, 2023.
             Slain by an orc warrior
             ... wielding a +0 flail
              (12 damage)
             ... on level 4 of the Dungeon.
             The game lasted 00:19:53 (4168 turns).

Byczy the Firebug (Deep Elf Fire Elementalist)      Turns: 4168, Time: 00:19:53

Health: -1/32      AC:  2    Str:  5    XL:     6   Next: 50%
Magic:  16/16      EV: 13    Int: 22    God:
Gold:   107        SH:  0    Dex: 15    Spells: 9/16 levels left

rFire   . . .        w - +0 flail (protect)
rCold   . . .        (no shield)
rNeg    . . .        a - +0 robe
rPois   .            (helmet restricted)
rElec   .            (no cloak)
rCorr   .            (no gloves)
SInv    .            (no boots)
Will    +....        (no amulet)
Stlth   +            p - ring of willpower
HPRegen 0.25/turn    (no ring)
MPRegen 0.15/turn

%: no passive effects
@: confused, ambrosia-drunk
A: antennae 1, evolution 1
a: no special abilities


You were on level 4 of the Dungeon.
You visited 1 branch of the dungeon, and saw 4 of its levels.

You collected 107 gold pieces.

Inventory:

Hand Weapons
 g - a +0 quick blade
 m - a +0 dagger of holy wrath
 n - a +0 vampiric short sword
 w - a +0 flail of protection (weapon)
Armour
 a - a +0 robe (worn)
 t - a +5 chain mail of ponderousness
Jewellery
 p - a ring of willpower (left hand)
Scrolls
 c - 2 scrolls of enchant weapon {unknown}
 d - 4 scrolls of teleportation {unknown}
 i - 2 scrolls of magic mapping {unknown}
 k - a scroll of silence {unknown}
 l - 4 scrolls of identify {unknown}
 q - a scroll of fear {unknown}
 s - 2 scrolls of amnesia {unknown}
 u - a scroll of immolation {unknown}
 v - a scroll of noise {unknown}
Potions
 b - 2 potions of magic
 e - a potion of ambrosia
 h - a potion of attraction {unknown}
 j - a potion of lignification {unknown}
 o - a potion of invisibility {unknown}
 r - a potion of curing {unknown}


   Skills:
 + Level 0.2 Fighting
 + Level 0.2 Short Blades
 + Level 2.7 Dodging
 + Level 2.9 Stealth
 + Level 0.4 Unarmed Combat
 + Level 5.9 Spellcasting
 + Level 2.1 Conjurations
 + Level 6.0 Fire Magic


You had 9 spell levels left.
You knew the following spells:

 Your Spells              Type           Power      Damage    Failure   Level
a - Foxfire               Conj/Fire      96%        2x1d8     1%          1
b - Scorch                Fire           66%        2d8       1%          2
c - Flame Wave            Conj/Fire      24%        2d8       17%         4

Your spell library contained the following spells:

 Spells                   Type           Power      Damage    Failure   Level
 Inner Flame              Hex/Fire       19%        N/A       8%          3
 Volatile Blastmotes      Fire/Tloc      38%        2d13      8%          3
 Freeze                   Ice            24%        1d4       10%         1
 Lesser Beckoning         Tloc           12%        N/A       14%         2
 Hailstorm                Conj/Ice       11%        3d5       17%         3
 Frozen Ramparts          Ice            12%        1d2       28%         3
 Gell's Gravitas          Tloc           6%         N/A       28%         3
 Teleport Other           Tloc           6%         N/A       28%         3


Dungeon Overview and Level Annotations

Branches:
Dungeon (4/15)
 Temple: D:4-7

Altars:
Qazlal

Shops:
D:4 [


Innate Abilities, Weirdness & Mutations

You have a pair of small antennae on your head.
You have hidden genetic potential.


Message History

The orc warrior attacks as you move away!
The orc warrior hits you with a +0 flail!
The orc warrior attacks as you move away!
The orc warrior closely misses you.
You see here a jackal corpse.
The orc warrior attacks as you move away!
The orc warrior hits you with a +0 flail!
You are too injured to fight recklessly!
Casting: Foxfire (safe; 1% risk of failure)
Confirm with . or Enter, or press ? or * to list all spells.
Flames lash the orc wizard.
The orc wizard is severely wounded.
The orc wizard's fire resistance burns away.
The orc warrior hits you with a +0 flail.
Casting: Scorch (safe; 1% risk of failure)
Confirm with . or Enter, or press ? or * to list all spells.
Flames lash the orc wizard.
The orc wizard is burned terribly!
You kill the orc wizard!
The orc warrior closely misses you.
Your Fire Magic skill increases to level 6!
Casting: Scorch (safe; 1% risk of failure)
Confirm with . or Enter, or press ? or * to list all spells.
Flames lash the orc.
The orc is severely wounded.
The orc's fire resistance burns away.
The orc warrior hits you with a +0 flail!
* * * LOW HITPOINT WARNING * * *
Casting: Scorch (safe; 1% risk of failure)
Confirm with . or Enter, or press ? or * to list all spells.
Flames lash the orc.
The orc is burned terribly!
You kill the orc!
The orc warrior barely misses you.
It was a potion of ambrosia.
You are confused.
You feel invigorated. The orc warrior barely misses you.
It was a potion of mutation.
You feel extremely strange. A pair of antennae grows on your head!
You feel a hidden potential growing inside you.
The orc warrior hits you with a +0 flail!
You die...

.P ..# ... P## ### .# ########
.####### #......# .#.....#
#......# .#.....# #......# ##
.#.....###########......# .#
.'..............@o)..†#########..
.#.....####.....##...#..≈≈≈≈≈..#
##.....####.###.######.≈.....≈.#
#.......##.# .... #.≈.≈≈≈.≈.#
#####.PP.P#.#...### #.≈≈...≈≈.#
.......P....##### #.≈≈._.≈≈.#
.############ #.≈≈...≈≈.# ....
#.≈.≈≈≈.≈.# .... #.≈.....≈.#


You could see an orc warrior.

Vanquished Creatures
  A phantom (D:4)
  A scorpion (D:4)
  An orc priest (D:4)
  A hound (D:4)
  An orc wizard (D:4)
  Terence (D:2)
  7 adders
  A worm (D:4)
  4 dart slugs
  5 orcs
  3 bats
  5 endoplasms
  3 giant cockroaches
  7 goblins
  6 hobgoblins
  11 jackals
  6 kobolds
  2 quokkas
  2 ball pythons
  4 frilled lizards
  A rat (D:3)
73 creatures vanquished.

Vanquished Creatures (collateral kills)
  A foxfire (D:3)
1 creature vanquished.

Vanquished Creatures (others)
  259 foxfires
259 creatures vanquished.

Grand Total: 333 creatures vanquished

Notes
Turn   | Place    | Note
-------+----------+-------------------------------------------
     0 | D:1      | Byczy the Deep Elf Fire Elementalist began the quest for
                  | the Orb.
     0 | D:1      | Reached XP level 1. HP: 10/10 MP: 6/6
   116 | D:1      | Reached XP level 2. HP: 14/15 MP: 6/8
   327 | D:1      | Reached skill level 4 in Fire Magic
   890 | D:2      | Noticed Terence
  1268 | D:2      | Reached XP level 3. HP: 19/19 MP: 4/9
  2138 | D:3      | Reached XP level 4. HP: 24/24 MP: 7/11
  2157 | D:3      | Learned a level 2 spell: Scorch
  2687 | D:2      | Reached skill level 5 in Fire Magic
  3059 | D:2      | Killed Terence
  3060 | D:2      | Reached XP level 5. HP: 19/28 MP: 4/13
  3190 | D:3      | Learned a level 4 spell: Flame Wave
  3404 | D:4      | Noticed a black bear
  3618 | D:4      | Found Himpaxe's Armour Boutique.
  3720 | D:4      | Reached skill level 5 in Spellcasting
  3819 | D:4      | Reached XP level 6. HP: 32/32 MP: 5/16
  4125 | D:4      | Found a stormy altar of Qazlal.
  4148 | D:4      | Noticed an orc warrior
  4165 | D:4      | Reached skill level 6 in Fire Magic
  4168 | D:4      | Gained mutation: You have a pair of small antennae on your
                  | head. [potion of mutation]
  4168 | D:4      | Gained mutation: You have hidden genetic potential. [potion
                  | of mutation]
  4168 | D:4      | Slain by an orc warrior

Illustrated notes

Levels and vault maps discovered:
D:1:      heliophobic_arrival_henge, layout_basic
D:2:      layout_loops_corners, uniq_terence
D:3:      layout_basic, minmay_fountain_box
D:4:      layout_basic, mainiacjoe_overflow_paths, serial_forest,
          infiniplex_forest_clump_curved, infiniplex_forest_straight_5,
          infiniplex_forest_clump_tiny, infiniplex_forest_straight_2,
          infiniplex_forest_clump_curved, infiniplex_forest_end_2,
          infiniplex_forest_clump_long, serial_shops, shop,
          minmay_fractal_squares_5

Skill      XL: |  1  2  3  4  5  6 |
---------------+-------------------+-----
Fire Magic     | 4 5 6 |  6.0
Spellcasting   | 4 5 |  5.9
Conjurations   | 2 |  2.1
Fighting       | |  0.2
Short Blades   | |  0.2
Dodging        | |  2.7
Stealth        | |  2.9
Unarmed Combat | |  0.4

Action                     |  1- 3 |  4- 6 || total
---------------------------+-------+-------++-------
  Melee: Unarmed           |     4 |       ||     4
         Punch             |     1 |     1 ||     2
         Quick blade       |    15 |       ||    15
         Dagger            |     2 |    32 ||    34
   Cast: Foxfire           |    93 |    70 ||   163
         Scorch            |       |    43 ||    43
    Use: Potion            |       |     2 ||     2
 Armour: Robe              |     2 |     3 ||     5
  Dodge: Dodged            |    31 |    21 ||    52
